 Dungeon Crawl Stone Soup version 0.21.1-1-g345015f (webtiles) character file.

33 kae the Insei (level 3, 0/26 HPs)
             Began as a Demonspawn Transmuter on June 14, 2018.
             Slain by a leopard gecko (2 damage)
             ... on level 1 of the Dungeon.
             The game lasted 00:00:47 (1069 turns).

kae the Insei (Demonspawn Transmuter)               Turns: 1069, Time: 00:00:48

Health: 0/26       AC:  2    Str: 10    XL:     3   Next: 12%
Magic:  3/6        EV: 20    Int: 14    God:
Gold:   45         SH:  0    Dex: 19    Spells: 0/6 levels left

rFire    . . .     SeeInvis .     - Unarmed
rCold    . . .     Gourm    .   (shield currently unavailable)
rNeg     . . .     Faith    .   (armour currently unavailable)
rPois    x         Spirit   .   (helmet currently unavailable)
rElec    .         Reflect  .   (cloak currently unavailable)
rCorr    .         Harm     .   (gloves currently unavailable)
MR       .....                  (boots currently unavailable)
Stlth    ++........             (no amulet)
HPRegen  0.08/turn              (no ring)
MPRegen  0.10/turn              (no ring)

@: spider-form, slowed, very slow
A: tiny, powered by death 1
a: End Transformation


You were on level 1 of the Dungeon.
You were hungry.
You were a venomous arachnid creature.
You visited 1 branch of the dungeon, and saw 2 of its levels.

You collected 45 gold pieces.

Inventory:

Missiles
 a - 12 arrows
Armour
 b - a +0 robe (melded)
Scrolls
 e - 2 scrolls of blinking {unknown}
 g - a scroll of teleportation {unknown}
 i - a scroll of enchant armour {unknown}
Potions
 f - a potion of might {unknown}
 h - a potion of berserk rage {unknown}
Books
 c - a book of Changes

   Spells                             Type                      Level
   a - Beastly Appendage              Transmutation                1
   b - Sticks to Snakes               Transmutation                2
   c - Spider Form                    Transmutation/Poison         3
   d - Ice Form                       Ice/Transmutation            4
   e - Blade Hands                    Transmutation                5
Comestibles
 d - 3 rations


   Skills:
 + Level 1.5 Fighting
 + Level 2.0 Dodging
 * Level 3.1 Unarmed Combat
 + Level 2.2 Spellcasting
 + Level 2.1 Transmutations


You couldn't memorise any spells.
You knew the following spells:

 Your Spells              Type           Power        Failure   Level  Hunger
a - Beastly Appendage     Tmut           #.....       24%         1    #......
b - Sticks to Snakes      Tmut           #.......     32%         2    ###....
c - Spider Form           Tmut/Pois      #.........   63%         3    ###....


Dungeon Overview and Level Annotations

Branches:
Dungeon (2/15)

Altars:


Innate Abilities, Weirdness & Mutations

You regenerate a little health from kills.


Message History

The leopard gecko bites you. The orc wizard hits you with a dagger.
The leopard gecko misses you. The orc wizard casts a spell at you.
The magic dart hits you!
* * * LOW HITPOINT WARNING * * *
You climb upwards.
There is a stone staircase leading down here.
Unknown command.
Unknown command.
Casting: Beastly Appendage
Confirm with . or Enter, or press ? or * to list all spells.
You turn into a venomous arachnid creature.
Your +0 robe melds into your body.
The orc wizard completely misses you. The leopard gecko closely misses you.
The orc wizard hits you with a dagger.
* * * LOW HITPOINT WARNING * * *
The leopard gecko closely misses you. The leopard gecko misses you.
The orc wizard gestures wildly while chanting.
The orc wizard seems to speed up.
The leopard gecko bites you.
You die...

# #.# ## # #.# # #.#
############ #.# ...........#
#.# #### ##########.##
####.#######... ##...##
#..............
#.###.######.##.#.#####.##
#.# #...osl...#.#.# #.#
#.###..######.....# #.#
#########...#.# #.#.### #.#
..............# #.#.# #.#
#######.####### #.#.# ##.#
##...###########.#.# ###..##
#................#.####.....#
##...##########..............
##.## ###..............


You could see an orc wizard and a leopard gecko.

Vanquished Creatures
  An ooze (D:1)
  2 leopard geckos (D:1)
  2 giant cockroaches (D:1)
  3 goblins (D:1)
  2 hobgoblins (D:1)
  3 kobolds (D:1)
  2 frilled lizards (D:1)
  14 rats (D:1)
29 creatures vanquished.

Notes
Turn   | Place    | Note
-------+----------+-------------------------------------------
     0 | D:1      | kae the Demonspawn Transmuter began the quest for the Orb.
     0 | D:1      | Reached XP level 1. HP: 15/15 MP: 3/3
    37 | D:1      | Gained mutation: You regenerate a little health from kills. [demonic ancestry]
    37 | D:1      | Reached XP level 2. HP: 5/21 MP: 5/5
   360 | D:1      | Reached skill level 3 in Unarmed Combat
   669 | D:1      | Reached XP level 3. HP: 26/26 MP: 4/6
   763 | D:1      | Learned a level 2 spell: Sticks to Snakes
   767 | D:1      | Learned a level 3 spell: Spider Form
  1062 | D:2      | Noticed an orc warrior
  1069 | D:1      | Slain by a leopard gecko

Skill      XL: |  1  2 |
---------------+-------+-----
Unarmed Combat | 3 |  3.1
Transmutations | 2 |  2.1
Dodging        | 2 |  2.0
Fighting       | |  1.5
Spellcasting   | |  2.2

Action                   || total
-------------------------++-------
Melee: Unarmed           ||    84
       Kick              ||     6
       Headbutt          ||     2
       Punch             ||     3
 Cast: Beastly Appendage ||    10
       Spider Form       ||     1
Armor: Robe              ||    11
Dodge: Dodged            ||    43
